[Event "Titled Tuesday Blitz July 4 Early 2023"]
[White "Burmakin, Vladimir"]
[Black "Bashirli, Saadat"]
[WhiteFideId "4105109"]
[BlackFideId "13429990"]
[WhiteElo "2641"]
[BlackElo "2347"]
[Result "1/2-1/2"]
[Round "1"]
[TimeControl "180+2"]
[Date "2023.07.04"]
[WhiteClock "0:00:10"]
[BlackClock "0:00:09"]
[Board "139"]

1. d4 d5 2. c4 c6 3. Nf3 e6 4. Nbd2 Nf6 5. Qc2 dxc4 6. Nxc4 b5 7. Ncd2 Bb7 8. e3 Nbd7 9. Nb3 Bd6 10. Bd2 O-O 11. Ba5 Qe7 12. Be2 a6 13. O-O c5 14. dxc5 Nxc5 15. Nxc5 Bxc5 16. Rac1 Rac8 17. Qb1 Ba7 18. a3 h6 19. Bb4 Bc5 20. Rxc5 Rxc5 21. Nd4 Qc7 22. Bxc5 Qxc5 23. Rc1 Qb6 24. Qd3 Rd8 25. Qc3 Rc8 26. Qe1 Qd8 27. Rxc8 Qxc8 28. h3 Qc7 29. Qd1 Bd5 30. a4 bxa4 31. Bxa6 Qb6 32. Bf1 Qxb2 33. Qxa4 Qc1 34. Ne2 Qe1 35. Nf4 Be4 36. Qd4 Kh7 37. Nh5 Nxh5 38. Qxe4+ g6 39. Qb7 Kg7 40. Qb2+ Nf6 41. g4 g5 42. Kg2 Qd1 43. f3 Qe1 44. Qd4 h5 45. f4 Qh4 46. Be2 hxg4 47. hxg4 gxf4 48. exf4 Kh7 49. g5 Ng4 50. Bd3+ Kg8 51. Qd8+ Kg7 52. Qd4+ Kg8 53. Qd8+ Kg7 54. Qd4+ e5 55. fxe5 Qh2+ 56. Kf3 Nxe5+ 57. Ke4 f6 58. gxf6+ Kxf6 59. Qd6+ Kg7 60. Qe7+ Nf7 61. Kd4 Qf4+ 62. Qe4 Qxe4+ 63. Bxe4 1/2-1/2


[Site "https://www.chess.com"]

[Event "Titled Tuesday Blitz July 4 Early 2023"]
[White "Gaal, Zsoka"]
[Black "chess123456s"]
[WhiteFideId "777765"]
[WhiteElo "2347"]
[BlackElo "2640"]
[Result "1/2-1/2"]
[Round "1"]
[TimeControl "180+2"]
[Date "2023.07.04"]
[WhiteClock "0:00:06"]
[BlackClock "0:00:07"]
[Board "140"]

1. Nf3 d5 2. b3 Bg4 3. Bb2 Bxf3 4. exf3 e6 5. g3 Nf6 6. Bg2 h5 7. h4 g6 8. f4 Bg7 9. O-O O-O 10. d3 Nbd7 11. Nd2 c6 12. Nf3 Ng4 13. Bxg7 Kxg7 14. Re1 Qb6 15. Qd2 a5 16. Ng5 a4 17. Bf3 Ngf6 18. b4 c5 19. Rab1 cxb4 20. Qxb4 Qxb4 21. Rxb4 b6 22. Bd1 Rfc8 23. Nf3 Rc3 24. Nd4 Ne8 25. Nb5 Rc6 26. c3 Nc5 27. Nd4 Rd6 28. Bc2 Nc7 29. Reb1 Ra6 30. Kf1 f6 31. Re1 Kf7 32. Re3 Ra8 33. Ke2 N7a6 34. Rb1 Nc7 35. Kd2 Re8 36. Rbe1 b5 37. Rb1 Rb6 38. Bd1 Reb8 39. a3 Re8 40. Bc2 Rb7 41. Rbe1 Rb6 42. Kc1 Re7 43. Kb2 Ne8 44. Bb1 Nd6 45. Ba2 Rbb7 46. Nxe6 Rxe6 47. Bxd5 Re7 48. d4 Nc4+ 49. Bxc4 bxc4 50. dxc5 Rb7+ 51. Kc2 Rxe3 52. Rxe3 Rb3 53. Re4 Rxa3 54. Re3 Ra2+ 55. Kc1 a3 56. c6 Ra1+ 57. Kc2 a2 58. Kb2 Rd1 59. Kxa2 Rd6 60. c7 Rc6 61. Ka3 Rxc7 62. Kb4 Rc6 63. Re4 Rb6+ 64. Kxc4 Rb2 65. Kd4 Rxf2 66. Re3 Rd2+ 67. Rd3 Rc2 68. c4 Ke6 69. Rc3 Rd2+ 70. Kc5 Kd7 71. Kb6 Rb2+ 72. Kc5 Re2 73. Rd3+ Kc7 74. Kd5 Re8 75. c5 Rd8+ 76. Ke4 f5+ 77. Ke3 Re8+ 78. Kf3 Re6 79. Rc3 Kc6 80. Rc4 Re1 81. Rc3 Re6 82. Re3 Rxe3+ 83. Kxe3 Kxc5 84. Kd3 Kd5 85. Ke3 Kc4 86. Ke2 Kc3 87. Ke3 Kc4 88. Ke2 Kd4 89. Kd2 Kc4 90. Ke2 1/2-1/2


[Site "https://www.chess.com"]

[Event "Titled Tuesday Blitz July 4 Early 2023"]
[White "Akhmetov, Ayan"]
[Black "Rozhkov, Viacheslav"]
[WhiteFideId "13703706"]
[BlackFideId "4181484"]
[WhiteElo "2639"]
[BlackElo "2343"]
[Result "1-0"]
[Round "1"]
[TimeControl "180+2"]
[Date "2023.07.04"]
[WhiteClock "0:00:37"]
[BlackClock "0:00:00"]
[Board "141"]

1. Nf3 Nf6 2. c4 b6 3. g3 Bb7 4. Bg2 g6 5. O-O Bg7 6. d4 O-O 7. d5 e6 8. Nc3 Na6 9. e4 d6 10. dxe6 fxe6 11. e5 Ne4 12. Nxe4 Bxe4 13. exd6 cxd6 14. Qe2 Nc5 15. Ng5 Bd3 16. Qe1 Bxf1 17. Qxf1 Rc8 18. Be3 Qf6 19. Rd1 h6 20. Ne4 Nxe4 21. Bxe4 Rfd8 22. b3 Kh7 23. h4 Qe5 24. Qd3 Qh5 25. Kg2 d5 26. cxd5 exd5 27. Bf3 Qe5 28. h5 Qe6 29. Bxd5 Qf5 30. hxg6+ Qxg6 31. Be4 Rxd3 32. Bxg6+ Kxg6 33. Rxd3 Rc2 34. Rd6+ Kh5 35. Kh3 1-0


[Site "https://www.chess.com"]

[Event "Titled Tuesday Blitz July 4 Early 2023"]
[White "Kovacsy, Barnabas"]
[Black "Girya, Olga"]
[WhiteFideId "769290"]
[BlackFideId "4195752"]
[WhiteElo "2343"]
[BlackElo "2635"]
[Result "1-0"]
[Round "1"]
[TimeControl "180+2"]
[Date "2023.07.04"]
[WhiteClock "0:00:25"]
[BlackClock "0:00:01"]
[Board "142"]

1. e4 e5 2. Nf3 Nc6 3. Bb5 a6 4. Bxc6 dxc6 5. Nc3 Qf6 6. d4 exd4 7. Qxd4 Qxd4 8. Nxd4 Nf6 9. Bd2 c5 10. Nb3 Be6 11. O-O-O O-O-O 12. Bg5 Be7 13. e5 Bxb3 14. axb3 Nd5 15. Nxd5 Bxg5+ 16. f4 Bh6 17. Ne7+ Kb8 18. g3 g6 19. Rxd8+ Rxd8 20. Rd1 Re8 21. Nd5 Rxe5 22. c4 Re2 23. Rd2 Rxd2 24. Kxd2 Bg7 25. Kc2 c6 26. Ne3 h5 27. h3 Bd4 28. Nf1 Kc7 29. g4 hxg4 30. hxg4 Kd6 31. Ng3 Ke6 32. Ne4 f5 33. gxf5+ Kxf5 34. Nd6+ Kxf4 35. Nxb7 g5 36. Kd3 Kf3 37. Nd6 g4 38. Ne4 g3 39. Nd2+ Kf2 40. Ne4+ Kf3 41. Nd2+ Kf4 42. Ke2 Bxb2 43. Nf3 Bd4 44. Ne1 Ke4 45. Ng2 a5 46. Nh4 Bf2 47. Ng2 Kd4 48. Kd2 Bg1 49. Nh4 Be3+ 50. Kc2 Bg5 51. Nf3+ Ke3 52. Nxg5 g2 53. Nh3 Kf3 54. Ng1+ Kf2 55. Nh3+ Kf1 56. Kb2 g1=Q 57. Nxg1 Kxg1 58. Ka3 Kf2 59. Ka4 Ke3 60. Kxa5 Ke4 61. Kb6 Kd4 62. Kxc6 Kc3 63. Kxc5 1-0


[Site "https://www.chess.com"]

[Event "Titled Tuesday Blitz July 4 Early 2023"]
[White "Manukyan, Sargis V."]
[Black "Nithyalakshmi, Sivanesan"]
[WhiteFideId "13303465"]
[BlackFideId "5706955"]
[WhiteElo "2631"]
[BlackElo "2342"]
[Result "1-0"]
[Round "1"]
[TimeControl "180+2"]
[Date "2023.07.04"]
[WhiteClock "0:00:34"]
[BlackClock "0:00:00"]
[Board "143"]

1. d4 Nf6 2. Nc3 d5 3. Bf4 c6 4. e3 Bf5 5. Bd3 Bg6 6. Nf3 Qb6 7. Rb1 Nbd7 8. Ne5 Bxd3 9. cxd3 e6 10. O-O c5 11. Na4 Qd8 12. Nxc5 Nxc5 13. dxc5 Bxc5 14. d4 Bd6 15. Qa4+ Kf8 16. Rfc1 h6 17. h3 g5 18. Bh2 Kg7 19. b4 Ne4 20. a3 h5 21. f3 Nf6 22. Rb2 Rc8 23. Rbc2 Rxc2 24. Qxc2 g4 25. fxg4 hxg4 26. hxg4 Ne4 27. Rf1 Rxh2 28. Rxf7+ Kg8 29. Rd7 Qh4 30. Qc8+ Bf8 31. Qxf8+ Kxf8 32. Ng6+ Kg8 33. Nxh4 Rxh4 34. Rxb7 Rxg4 35. Rxa7 Rg3 36. b5 Rxe3 37. b6 Rb3 38. b7 Nd6 39. Ra8+ Kf7 40. b8=Q Rxb8 41. Rxb8 Nf5 42. Rb4 Ne3 43. a4 Nc4 44. Rb5 Kf6 45. a5 Nd6 46. Rb6 Nf5 47. a6 Nxd4 48. a7 Kf5 49. a8=Q e5 50. Qxd5 1-0


[Site "https://www.chess.com"]

[Event "Titled Tuesday Blitz July 4 Early 2023"]
[White "Todorovic, Bojan"]
[Black "Sadykov, Ramil"]
[WhiteFideId "917087"]
[BlackFideId "24113590"]
[WhiteElo "2339"]
[BlackElo "2631"]
[Result "1-0"]
[Round "1"]
[TimeControl "180+2"]
[Date "2023.07.04"]
[WhiteClock "0:00:04"]
[BlackClock "0:00:00"]
[Board "144"]

1. d4 Nf6 2. c4 e6 3. Nf3 c5 4. d5 exd5 5. cxd5 d6 6. Nc3 g6 7. Nd2 Bg7 8. Nc4 O-O 9. Bf4 Ne8 10. Qd2 Na6 11. g3 Nac7 12. a4 Qe7 13. Bg2 b6 14. O-O Ba6 15. b3 Bxc4 16. bxc4 Nf6 17. a5 Nd7 18. Rab1 Ne5 19. Bxe5 Qxe5 20. axb6 axb6 21. Nb5 Na6 22. f4 Qe7 23. e4 Nb4 24. e5 Ra2 25. exd6 Qd7 26. Qd1 Re8 27. Re1 Rxe1+ 28. Qxe1 Bf6 29. Qe4 Nc2 30. Rc1 Nd4 31. Nxd4 Bxd4+ 32. Kh1 Qxd6 33. f5 Kg7 34. Rf1 Rb2 35. fxg6 hxg6 36. Qe8 f5 37. Re1 Bf6 38. Qe6 Qxe6 39. dxe6 Be7 40. Bd5 Kf6 41. Kg1 g5 42. h3 g4 43. hxg4 fxg4 44. Re4 Kf5 45. Rf4+ Ke5 46. Rf7 Kd6 47. Rg7 b5 48. Rxg4 b4 49. Rf4 Rd2 50. Rf1 b3 51. Be4 b2 52. g4 Ke5 53. Bf5 Bg5 54. Re1+ Kd6 55. e7 Bxe7 56. Re6+ Kc7 57. Rxe7+ Kb6 58. Re1 Ka5 59. g5 1-0


[Site "https://www.chess.com"]

[Event "Titled Tuesday Blitz July 4 Early 2023"]
[White "Vlassov, Nikolai"]
[Black "Vifleemskaia, Svetlana"]
[WhiteFideId "4103360"]
[BlackFideId "4129490"]
[WhiteElo "2628"]
[BlackElo "2339"]
[Result "1-0"]
[Round "1"]
[TimeControl "180+2"]
[Date "2023.07.04"]
[WhiteClock "0:00:05"]
[BlackClock "0:00:02"]
[Board "145"]

1. e4 e5 2. Bc4 Nf6 3. d3 c6 4. Nf3 d5 5. Bb3 Bd6 6. Nc3 d4 7. Ne2 h6 8. O-O c5 9. c3 Nc6 10. cxd4 cxd4 11. Ng3 g6 12. Bd2 Qe7 13. Rc1 Be6 14. h3 Kf8 15. Nh2 Kg7 16. Ng4 Nxg4 17. hxg4 Qd7 18. f3 Qe7 19. Kf2 Nb4 20. Ke2 Rac8 21. Rh1 Rxc1 22. Bxc1 Nxa2 23. Bxa2 Bxa2 24. b3 Qe6 25. Qd2 Bxb3 26. Rxh6 Rxh6 27. Qxh6+ Kg8 28. Bg5 Bf8 29. Qh4 Bg7 30. Nf5 gxf5 31. gxf5 Qc6 32. f6 Bf8 33. Qg3 Kh7 34. Qh4+ Kg8 35. Bd2 Qc5 36. Qg5+ Kh7 37. Qh5+ Kg8 38. Bh6 Bxh6 39. Qxh6 Qf8 40. Qg5+ Kh7 41. Qf5+ Kg8 42. Qxe5 Be6 43. Qxd4 Qh6 44. Qe5 Kh7 45. d4 Qg6 46. g4 Bxg4 47. fxg4 Qxg4+ 48. Kd3 Qf3+ 49. Kc4 Qe2+ 50. Kd5 Qb5+ 51. Kd6 Qxe5+ 52. dxe5 a5 53. e6 fxe6 54. f7 a4 55. f8=Q a3 56. Qf7+ Kh6 57. Qf6+ Kh5 58. Ke5 a2 59. Kf4 a1=Q 60. Qg5# 1-0


[Site "https://www.chess.com"]

[Event "Titled Tuesday Blitz July 4 Early 2023"]
[White "MAHanif"]
[Black "Karttunen, Mika"]
[BlackFideId "502081"]
[WhiteElo "2336"]
[BlackElo "2625"]
[Result "1-0"]
[Round "1"]
[TimeControl "180+2"]
[Date "2023.07.04"]
[WhiteClock "0:00:10"]
[BlackClock "0:00:00"]
[Board "146"]

1. d4 d5 2. Nf3 c6 3. g3 Nf6 4. Bg2 e6 5. O-O Be7 6. Nbd2 Nbd7 7. c4 O-O 8. Qc2 b6 9. b3 Bb7 10. Bb2 Rc8 11. Rad1 Qc7 12. Ne5 Nxe5 13. dxe5 Nd7 14. f4 c5 15. cxd5 exd5 16. Qf5 g6 17. Qh3 Rce8 18. Nb1 d4 19. Nd2 Bxg2 20. Qxg2 f6 21. e6 Nb8 22. f5 Kg7 23. g4 g5 24. Rf3 Rh8 25. Rh3 h6 26. Nf1 Nc6 27. Ng3 Ne5 28. Nh5+ Kh7 29. Qe4 Rd8 30. Rg3 Qc6 31. Qxc6 Nxc6 32. Kf2 Rd5 33. e4 Rdd8 34. Ke2 Rd6 35. a3 Rhd8 36. h3 a5 37. h4 Ne5 38. hxg5 hxg5 39. Rh1 Kg8 40. Rg2 d3+ 41. Kd1 Nf3 42. Rg3 Nd4 43. Rgh3 d2 44. Nf4 1-0


[Site "https://www.chess.com"]

[Event "Titled Tuesday Blitz July 4 Early 2023"]
[White "Piesik, Piotr"]
[Black "Rian, Kapriaga"]
[WhiteFideId "1136194"]
[BlackFideId "7103263"]
[WhiteElo "2623"]
[BlackElo "2335"]
[Result "0-1"]
[Round "1"]
[TimeControl "180+2"]
[Date "2023.07.04"]
[WhiteClock "0:00:14"]
[BlackClock "0:00:13"]
[Board "147"]

1. Nf3 f5 2. d3 Nf6 3. e4 d6 4. exf5 Bxf5 5. d4 Nbd7 6. Bd3 e6 7. O-O Be7 8. Bxf5 exf5 9. Qd3 g6 10. Bh6 Ng4 11. Bf4 O-O 12. Qb3+ Kh8 13. Qxb7 Rb8 14. Qxa7 Rxb2 15. Nc3 Nb6 16. Na4 Rxc2 17. Nxb6 cxb6 18. Rae1 Bf6 19. h3 g5 20. hxg4 fxg4 21. Qa4 gxf3 22. Qxc2 gxf4 23. Qe4 fxg2 24. Kxg2 Qd7 25. Rh1 f3+ 26. Kf1 Qb5+ 27. Re2 Qxe2+ 28. Qxe2 fxe2+ 29. Kxe2 Bxd4 0-1


[Site "https://www.chess.com"]

[Event "Titled Tuesday Blitz July 4 Early 2023"]
[White "Fajdetic, Hrvoje"]
[Black "Taichman, Ori"]
[WhiteFideId "14501945"]
[BlackFideId "2804069"]
[WhiteElo "2334"]
[BlackElo "2623"]
[Result "0-1"]
[Round "1"]
[TimeControl "180+2"]
[Date "2023.07.04"]
[WhiteClock "0:00:09"]
[BlackClock "0:00:48"]
[Board "148"]

1. d4 Nf6 2. Bf4 g6 3. Nc3 d5 4. e3 Bg7 5. h4 c6 6. h5 Nxh5 7. Rxh5 gxh5 8. Qxh5 Qd7 9. Nf3 Qf5 10. Qh2 Qxc2 11. Bxb8 Qxb2 12. Nd1 Qxa1 13. Qc7 O-O 14. Bd3 Bg4 15. Qh2 f5 16. Be5 Qxa2 17. Bxg7 Qa5+ 18. Kf1 Qa3 19. Be2 Kxg7 20. Qe5+ Rf6 21. Nh4 Qd6 22. Bxg4 Qxe5 23. dxe5 fxg4 24. exf6+ Kxf6 25. g3 a5 26. Nc3 a4 27. Ke2 b5 28. Na2 c5 29. Kd3 e5 30. e4 c4+ 31. Kc3 d4+ 32. Kb4 d3 33. Ng2 a3 34. Ne3 h5 35. Kxb5 c3 36. Nd5+ Kg5 37. Ndxc3 Rf8 38. Nd1 d2 39. Kc4 Rf3 40. Kd5 Rb3 41. Kxe5 Rb2 42. Ndc3 Rxa2 43. Nxa2 d1=Q 0-1


[Site "https://www.chess.com"]

[Event "Titled Tuesday Blitz July 4 Early 2023"]
[White "benny_aizenberg"]
[Black "Shtompel, Yuriy"]
[BlackFideId "14168278"]
[WhiteElo "2623"]
[BlackElo "2332"]
[Result "1-0"]
[Round "1"]
[TimeControl "180+2"]
[Date "2023.07.04"]
[WhiteClock "0:00:11"]
[BlackClock "0:00:14"]
[Board "149"]

1. f4 d5 2. Nf3 c5 3. g3 Nc6 4. Bg2 Nf6 5. O-O Bg4 6. d3 e6 7. Qe1 Be7 8. c3 O-O 9. e4 dxe4 10. dxe4 Bxf3 11. Bxf3 e5 12. f5 Qd3 13. Na3 a6 14. g4 c4 15. g5 Nd7 16. Be3 b5 17. Rd1 Qxe3+ 18. Qxe3 Bc5 19. Nc2 Bxe3+ 20. Nxe3 Nc5 21. Rd6 Rac8 22. Rfd1 Rfd8 23. R1d5 Rxd6 24. Rxd6 Kf8 25. f6 g6 26. Bg4 Nxe4 27. Rd1 Rd8 28. Bf3 Rxd1+ 29. Nxd1 Nxg5 30. Bxc6 e4 31. Bb7 Nf3+ 32. Kg2 a5 33. Bxe4 Ne5 34. Kg3 Nd7 35. Bc6 Nxf6 36. Bxb5 Ke7 37. Bxc4 Ne4+ 38. Kf4 Nd2 39. Nf2 Nxc4 40. b3 Nd2 41. c4 a4 42. bxa4 Nxc4 43. Ne4 f5 44. Nc3 Kf6 45. Nd5+ Ke6 46. Ne3 Na5 47. h4 h6 48. Nc2 Kf6 49. Nd4 g5+ 50. hxg5+ hxg5+ 51. Kg3 Ke5 52. Nf3+ Kf6 53. Nd4 Kg6 54. Nb3 Nb7 55. a5 Nd6 56. a6 Nc8 57. Nd4 Kf6 58. Nb5 f4+ 59. Kg4 Ke5 60. a7 Nxa7 61. Nxa7 Ke4 62. Nb5 f3 63. Nc3+ Ke3 64. Kg3 g4 65. Nd1+ Ke2 66. Nf2 Ke3 67. Nxg4+ Kd4 68. Kxf3 Kc3 69. Ne3 Kb4 70. Nc2+ Ka4 71. Ke3 Kb5 72. Kd3 Kc5 73. Kc3 Kb5 74. Kb3 Ka6 75. a4 Ka5 76. Ka3 Ka6 77. Nb4+ Ka5 78. Nd3 Ka6 79. Nb2 Ka5 80. Kb3 Kb6 81. Kb4 Ka6 82. a5 Ka7 83. Kb5 Kb7 84. Nc4 Ka7 85. a6 Ka8 86. Kb6 Kb8 87. Ne5 Ka8 88. Ng6 Kb8 89. Nf4 Ka8 90. Ne6 Kb8 91. a7+ Kc8 92. a8=Q+ Kd7 93. Qd5+ 1-0


[Site "https://www.chess.com"]

[Event "Titled Tuesday Blitz July 4 Early 2023"]
[White "Rodriguez Polo, Mateo"]
[Black "Fisher_TheGalactic"]
[WhiteFideId "24509396"]
[WhiteElo "2332"]
[BlackElo "2622"]
[Result "1/2-1/2"]
[Round "1"]
[TimeControl "180+2"]
[Date "2023.07.04"]
[WhiteClock "0:00:21"]
[BlackClock "0:00:43"]
[Board "150"]

1. e4 b6 2. Nf3 Bb7 3. Nc3 e6 4. d4 Bb4 5. Bd3 Nf6 6. Nd2 d5 7. e5 Nfd7 8. Ne2 Be7 9. O-O c5 10. c3 Nc6 11. f4 f5 12. exf6 Bxf6 13. Nf3 O-O 14. Be3 cxd4 15. Nexd4 Nxd4 16. Bxd4 Nc5 17. Qd2 g6 18. Rae1 Ne4 19. Bxe4 dxe4 20. Ne5 Bxe5 21. fxe5 Qd5 22. Qe3 Qxa2 23. b4 Qc4 24. h4 Qd3 25. Rd1 Qxe3+ 26. Bxe3 Bd5 27. Rxf8+ Kxf8 28. Ra1 Ke7 29. c4 Bxc4 30. Bxb6 a6 31. Rc1 Bb5 32. Rc7+ Bd7 33. Ra7 Rxa7 34. Bxa7 Bc6 35. Kf2 e3+ 36. Bxe3 Kd7 37. g3 Be4 38. Bc5 Kc6 39. Ke3 Bb1 40. Bd6 Kd5 41. Kf4 Bd3 42. g4 Be2 43. h5 gxh5 44. gxh5 Bxh5 45. Kg5 Bg6 46. Kh6 Bf5 47. Kg5 Kc6 48. Kh6 Kd5 49. Kg5 Ke4 50. Kh6 Kf4 51. Kh5 Bg6+ 52. Kh6 Kf5 53. Bc7 Ke4 54. Bd6 Kd5 55. Bc7 Bd3 56. Bd6 Kc6 57. Bb8 Be4 58. Bd6 Kb7 59. Bf8 Kb6 60. Bd6 Kb5 61. Be7 Kc4 62. Bd6 Kd4 63. Kg5 Bf3 64. Kh6 Be4 65. Kg5 Bf5 66. Kh6 Kc4 67. Kg5 Kd3 68. Kh6 Ke4 69. Bc7 Bg6 70. Bd6 Kd5 71. Kg5 Be8 72. Kh6 Bg6 1/2-1/2


[Site "https://www.chess.com"]

[Event "Titled Tuesday Blitz July 4 Early 2023"]
[White "Komov, Roman"]
[Black "Cardozo Munar, Carlos Eduardo"]
[WhiteFideId "24175714"]
[BlackFideId "4409477"]
[WhiteElo "2622"]
[BlackElo "2330"]
[Result "1-0"]
[Round "1"]
[TimeControl "180+2"]
[Date "2023.07.04"]
[WhiteClock "0:00:57"]
[BlackClock "0:00:26"]
[Board "151"]

1. e4 e6 2. d4 d5 3. e5 c5 4. c3 Nc6 5. Nf3 Qb6 6. a3 Nh6 7. b4 cxd4 8. Bxh6 gxh6 9. b5 Nxe5 10. Nxe5 dxc3 11. Bd3 Bg7 12. Qh5 Qc7 13. f4 O-O 14. O-O a6 15. bxa6 bxa6 16. Ra2 Rb8 17. Rc2 d4 18. Nd2 Rb2 19. Ndf3 Qd6 20. Rxb2 cxb2 21. Ng5 f5 22. Ngf7 Qxa3 23. Nxh6+ Kh8 24. Nef7+ Rxf7 25. Nxf7+ Kg8 26. Ng5 h6 27. Qf7+ Kh8 28. Qe8+ Bf8 29. Nf7+ Kg7 30. Ne5 Qe7 31. Qg6+ Kh8 32. Nf7+ 1-0


[Site "https://www.chess.com"]

[Event "Titled Tuesday Blitz July 4 Early 2023"]
[White "Rudzinska, Michalina"]
[Black "Jaskolka, Tomasz"]
[WhiteFideId "1172883"]
[BlackFideId "1170791"]
[WhiteElo "2328"]
[BlackElo "2622"]
[Result "1-0"]
[Round "1"]
[TimeControl "180+2"]
[Date "2023.07.04"]
[WhiteClock "0:00:25"]
[BlackClock "0:00:27"]
[Board "152"]

1. Nf3 Nf6 2. b3 d5 3. Bb2 Nc6 4. d4 Bf5 5. a3 e6 6. e3 Bd6 7. Ne5 a6 8. Nd2 Nd7 9. f4 f6 10. Nxc6 bxc6 11. g4 Bg6 12. Nf3 Qe7 13. Bd3 Bxd3 14. Qxd3 e5 15. dxe5 fxe5 16. fxe5 Nxe5 17. Nxe5 Bxe5 18. O-O-O O-O 19. h4 Rf3 20. Rde1 a5 21. g5 Re8 22. g6 h6 23. Rhf1 Bxb2+ 24. Kxb2 Qe5+ 25. Ka2 Rxf1 26. Rxf1 Qxe3 27. Qf5 Qe7 28. Qf7+ Kh8 29. Qxe7 Rxe7 30. Rf8# 1-0


[Site "https://www.chess.com"]

[Event "Titled Tuesday Blitz July 4 Early 2023"]
[White "Weishaeutel, Moritz"]
[Black "Shapiro, Daniel"]
[WhiteFideId "12967300"]
[BlackFideId "2001780"]
[WhiteElo "2620"]
[BlackElo "2327"]
[Result "1-0"]
[Round "1"]
[TimeControl "180+2"]
[Date "2023.07.04"]
[WhiteClock "0:01:19"]
[BlackClock "0:00:32"]
[Board "153"]

1. e4 e5 2. d4 exd4 3. Qxd4 Nc6 4. Qe3 Nf6 5. e5 Nd5 6. Qe4 Nb6 7. Nf3 Be7 8. Nc3 d5 9. exd6 Qxd6 10. Nb5 Qb4+ 11. Qxb4 Nxb4 12. Nxc7+ Kd8 13. Nxa8 Nxc2+ 14. Kd1 Nxa1 15. Nxb6 axb6 16. Bd3 Be6 17. b3 Bf6 18. Bg5 Ke7 19. Kd2 Bxb3 20. Bxf6+ Kxf6 21. Rxa1 Ra8 22. a3 Bd5 23. Rb1 Rxa3 24. Rxb6+ Ke7 25. Nd4 g6 26. f3 Ra2+ 27. Bc2 Ra3 28. Bb3 Bxb3 29. Rxb3 Ra2+ 30. Nc2 Ra7 31. Ra3 Rxa3 32. Nxa3 Kd6 33. Kc3 Kc5 34. Nc4 b5 35. Ne5 f6 36. Nd7+ 1-0


[Site "https://www.chess.com"]

[Event "Titled Tuesday Blitz July 4 Early 2023"]
[White "Rosh Jain"]
[Black "Goldin, Alexander"]
[WhiteFideId "25789465"]
[BlackFideId "2019540"]
[WhiteElo "2326"]
[BlackElo "2619"]
[Result "1-0"]
[Round "1"]
[TimeControl "180+2"]
[Date "2023.07.04"]
[WhiteClock "0:01:08"]
[BlackClock "0:00:28"]
[Board "154"]

1. e4 e5 2. Nf3 Nc6 3. Bb5 a6 4. Ba4 d6 5. O-O Bd7 6. c3 Nge7 7. d4 Ng6 8. h3 Be7 9. Re1 O-O 10. Nbd2 h6 11. Nf1 Nh4 12. Nxh4 Bxh4 13. Ne3 Bg5 14. a3 b5 15. Bb3 Rb8 16. Bc2 Re8 17. b4 exd4 18. cxd4 Nxd4 19. Qxd4 Bf6 20. e5 Bxe5 21. Qd3 g6 22. Rb1 c5 23. Bb2 c4 24. Qd2 Bc6 25. Bxe5 dxe5 26. Qxd8 Rbxd8 27. Rbd1 f5 28. Kf1 Kf7 29. Rxd8 Rxd8 30. Rd1 Rd4 31. Ke2 Ke6 32. f3 h5 33. Bb1 h4 34. Nc2 Rxd1 35. Kxd1 Kd5 36. Ke2 Ke6 37. Ne3 Bb7 38. a4 Bc6 39. axb5 axb5 40. Bc2 Bb7 41. Nd1 Bc6 42. Nc3 Bb7 43. Nxb5 Bc6 44. Nc3 Kd6 45. Ba4 Bb7 46. Bb5 1-0


[Site "https://www.chess.com"]

[Event "Titled Tuesday Blitz July 4 Early 2023"]
[White "cafu1950"]
[Black "Dwilewicz, Katarzyna"]
[BlackFideId "1148486"]
[WhiteElo "2619"]
[BlackElo "2322"]
[Result "0-1"]
[Round "1"]
[TimeControl "180+2"]
[Date "2023.07.04"]
[WhiteClock "0:00:10"]
[BlackClock "0:00:08"]
[Board "155"]

1. d4 d5 2. c4 dxc4 3. e4 e5 4. Nf3 exd4 5. Bxc4 Bb4+ 6. Nbd2 Nf6 7. Bxf7+ Kxf7 8. Qb3+ Kg6 9. Qxb4 Nc6 10. Qc5 Qe7 11. Qg5+ Kf7 12. O-O h6 13. Qf4 Re8 14. Re1 Kg8 15. e5 Nd5 16. Qg3 Bf5 17. Nh4 Qf7 18. Nxf5 Qxf5 19. Nf3 Kh7 20. Bd2 Re6 21. Nh4 Qh5 22. f4 Rf8 23. f5 Ree8 24. e6 Nce7 25. Re5 Nxf5 26. Nxf5 Rxf5 27. Qd3 g6 28. Rxf5 Qxf5 29. Qxd4 Rxe6 30. Rf1 Qe5 31. Qxa7 b6 32. Qa8 Re7 33. Qa4 Nf6 34. Bc3 Qc5+ 35. Qd4 Qxd4+ 36. Bxd4 Nd5 37. h3 c5 38. Bf2 Nf4 39. Rd1 Kg7 40. Kf1 Kf7 41. Bg3 Ne6 42. Bf2 Nd4 43. Bxd4 Rd7 44. Ke2 cxd4 45. Kd3 Ke6 46. Re1+ Kd5 47. Rf1 Re7 48. Rf6 Re3+ 49. Kd2 Re6 50. Rxe6 Kxe6 51. Kd3 Kd5 52. b4 b5 53. a3 g5 54. g4 Ke5 55. Kd2 Ke4 56. Ke2 d3+ 57. Kd2 Kd4 58. Kd1 Kc3 59. Kc1 d2+ 60. Kd1 Kd3 61. a4 bxa4 62. b5 a3 63. b6 a2 64. b7 a1=Q# 0-1


[Site "https://www.chess.com"]

[Event "Titled Tuesday Blitz July 4 Early 2023"]
[White "Wang, Alexander J"]
[Black "Kashlinskaya, Alina"]
[WhiteFideId "30955270"]
[BlackFideId "4198026"]
[WhiteElo "2322"]
[BlackElo "2618"]
[Result "0-1"]
[Round "1"]
[TimeControl "180+2"]
[Date "2023.07.04"]
[WhiteClock "0:00:07"]
[BlackClock "0:01:54"]
[Board "156"]

1. e4 c6 2. d4 d5 3. f3 Qb6 4. Nc3 e6 5. Nge2 Nf6 6. g3 dxe4 7. fxe4 Bb4 8. Bg2 O-O 9. O-O Nbd7 10. h3 e5 11. Be3 Re8 12. Qd2 exd4 13. Nxd4 Ne5 14. Nf5 Nc4 15. Bxb6 Nxd2 16. Rf2 Bxc3 17. bxc3 Ndxe4 18. Nxg7 Kxg7 19. Bxe4 Nxe4 20. Bd4+ f6 21. Re2 Bxh3 22. Rae1 Bf5 23. g4 Bg6 24. Rf1 c5 25. Rxe4 Rxe4 26. Bxf6+ Kg8 27. g5 Rae8 28. Kf2 Rf4+ 0-1


[Site "https://www.chess.com"]

[Event "Titled Tuesday Blitz July 4 Early 2023"]
[White "Borgaonkar Akshay"]
[Black "Lopez Del Alamo, Antonio"]
[WhiteFideId "25639110"]
[BlackFideId "2227339"]
[WhiteElo "2615"]
[BlackElo "2320"]
[Result "1-0"]
[Round "1"]
[TimeControl "180+2"]
[Date "2023.07.04"]
[WhiteClock "0:00:54"]
[BlackClock "0:00:17"]
[Board "157"]

1. c4 Nf6 2. Nf3 g6 3. b3 Bg7 4. Bb2 O-O 5. g3 d6 6. Bg2 Nbd7 7. O-O c6 8. d3 Qc7 9. Nc3 e5 10. b4 Re8 11. b5 Nc5 12. Nd2 Be6 13. Nb3 Nfd7 14. Nxc5 Nxc5 15. Ba3 f5 16. Rb1 Bf7 17. Na4 Nxa4 18. Qxa4 c5 19. Qb3 Rad8 20. b6 Qb8 21. bxa7 Qxa7 22. Bb2 Ra8 23. a3 Rab8 24. Bc3 b5 25. Qc2 bxc4 26. dxc4 Qxa3 27. Ra1 Qb3 28. Qd2 Qxc4 29. Rfc1 Qe6 30. Ra6 Red8 31. Ra7 e4 32. Bxg7 Kxg7 33. e3 Rd7 34. Rxd7 Qxd7 35. Rxc5 dxc5 36. Qxd7 Rb1+ 37. Bf1 c4 38. Kg2 Rc1 39. Qd4+ Kg8 40. Qb2 Rd1 41. Qc3 h5 42. Bxc4 Bxc4 43. Qxc4+ Kg7 44. Qc7+ Kh6 45. Qc8 Kg7 46. Kh3 Rd2 47. Qc3+ 1-0


[Site "https://www.chess.com"]

[Event "Titled Tuesday Blitz July 4 Early 2023"]
[White "Szente Varga, Fruzsina"]
[Black "Domingo Nunez, Alejandro"]
[WhiteFideId "712264"]
[BlackFideId "22245561"]
[WhiteElo "2319"]
[BlackElo "2614"]
[Result "0-1"]
[Round "1"]
[TimeControl "180+2"]
[Date "2023.07.04"]
[WhiteClock "0:00:10"]
[BlackClock "0:00:41"]
[Board "158"]

1. e4 g6 2. d4 Bg7 3. Be3 c6 4. Nc3 d5 5. f3 dxe4 6. fxe4 e5 7. Nf3 exd4 8. Bxd4 Nf6 9. Bc4 O-O 10. O-O Bg4 11. h3 Bxf3 12. Rxf3 Qe7 13. e5 Nfd7 14. e6 fxe6 15. Bxg7 Kxg7 16. Rxf8 Nxf8 17. Qg4 Nbd7 18. Bb3 Nf6 19. Qf3 Rd8 20. Re1 e5 21. Qg3 N8d7 22. Qf2 Nc5 23. Bc4 a5 24. a4 e4 25. Qh4 Qe5 26. Nxe4 Ncxe4 27. Bd3 Qd4+ 28. Kh2 g5 29. Rxe4 gxh4 30. Rxd4 Rxd4 31. Kg1 Rxa4 32. Kf2 Ra2 33. b3 Nd5 34. Kf3 Nb4 35. Be4 Nxc2 36. Kg4 Ne3+ 37. Kxh4 Nxg2+ 38. Kh5 Nf4+ 39. Kh4 Ng6+ 40. Kh5 Rb2 0-1


[Site "https://www.chess.com"]